 Dungeon Crawl Stone Soup version 0.18.1-48-g4cf74bf (webtiles) character file.

19659 theElss the Thaumaturge (level 12, -6/66 HPs)
             Began as a High Elf Conjurer on Aug 18, 2016.
             Was a High Priest of Vehumet.
             Mangled by Snorg (23 damage)
             ... on level 3 of the Lair of Beasts.
             The game lasted 01:16:03 (19746 turns).

theElss the Thaumaturge (High Elf Conjurer)        Turns: 19746, Time: 01:16:04

Health: -6/66      AC: 15    Str:  9    XL:     12   Next: 38%
Magic:  20/31      EV: 17    Int: 23    God:    Vehumet [*****.]
Gold:   729        SH:  0    Dex: 16    Spells: 6 memorised, 21 levels left

rFire  . . .     SeeInvis +     j - +8 glaive of the Guard {elec, +Rage AC+5 SInv}
rCold  . . .     Gourm    .     e - +0 leather armour
rNeg   . . .     Faith    +     (shield currently unavailable)
rPois  .         Spirit   .     R - +0 helmet
rElec  .         Dismiss  .     K - +0 cloak {+Inv}
rCorr  .         Reflect  .     M - +0 pair of gloves
SustAt .         Harm     .     (no boots)
MR     +....                    d - amulet of faith
Stlth  ++........               p - +4 ring of protection
                                W - +1 ring of evasion

@: about to teleport, somewhat resistant to hostile enchantments, unstealthy
A: no striking features
a: Renounce Religion, Evoke Berserk Rage, Evoke Invisibility


You were on level 3 of the Lair of Beasts.
You worshipped Vehumet.
Vehumet was extremely pleased with you.
You were very hungry.

You visited 3 branches of the dungeon, and saw 14 of its levels.
You also visited: Sewer and Bailey.

You collected 729 gold pieces.

Inventory:

Hand Weapons
 j - the +8 glaive of the Guard (weapon) {elec, +Rage AC+5 SInv}
   (You found it on level 2 of the Lair of Beasts)

   Occasionally, upon striking a foe, it will discharge some electrical energy
   and cause terrible harm.
   It affects your AC (+5).
   It lets you see invisible.
   It lets you go berserk.
Armour
 e - a +0 leather armour (worn)
 K - a +0 cloak of invisibility (worn)
 M - a +0 pair of gloves (worn)
 R - a +0 helmet (worn)
Jewellery
 d - an amulet of faith (around neck)
 f - an uncursed ring of protection from cold
 p - a +4 ring of protection (right hand)
 q - an uncursed ring of see invisible
 W - a +1 ring of evasion (left hand)
Wands
 a - a wand of hasting (8/9)
Scrolls
 k - a scroll of recharging {unknown}
 l - 3 scrolls of blinking {unknown}
 m - 2 scrolls of remove curse {unknown}
 n - 2 scrolls of immolation {unknown}
 o - 5 scrolls of fog
 s - 3 scrolls of magic mapping {unknown}
 w - 2 scrolls of fear {unknown}
 y - 3 scrolls of amnesia {unknown}
 B - 2 scrolls of enchant armour {unknown}
 G - 10 scrolls of teleportation
 J - 2 scrolls of noise {unknown}
 Q - 2 scrolls of enchant weapon {unknown}
Potions
 c - a potion of lignification {unknown}
 h - a potion of cancellation
 u - a potion of flight {unknown}
 v - 5 potions of curing
 x - a potion of brilliance
 A - 2 potions of might
 D - 7 potions of heal wounds
 H - 4 potions of magic
 L - a potion of haste {unknown}
 T - 2 potions of resistance
Comestibles
 b - 2 bread rations
 g - 6 chunks of flesh
 t - 5 meat rations
 O - 4 fruits


   Skills:
 + Level 7.7 Dodging
 - Level 2.1 Stealth
 + Level 14.3 Spellcasting
 + Level 13.8 Conjurations
 * Level 6.8 Fire Magic


You had 21 spell levels left.
You knew the following spells:

 Your Spells              Type           Power        Failure   Level  Hunger
a - Magic Dart            Conj           ####         1%          1    None
b - Iskenderun's Battles  Conj/Chrm      #####...     2%          5    ###....
c - Searing Ray           Conj           ######       1%          2    None
d - Iskenderun's Mystic   Conj           ######..     1%          4    None
e - Flame Tongue          Conj/Fire      #####        1%          1    None
f - Bolt of Magma         Conj/Fire/Erth #####.....   3%          5    ###....


Dungeon Overview and Level Annotations

Branches:
Dungeon (10/15)            Temple (1/1) D:7            Lair (3/8) D:8
  Swamp: Lair:3-6    Shoals: Lair:3-6     Snake: Lair:3-6    Spider: Lair:3-6
    Orc: D:9-12

Altars:
Ashenzari
Cheibriados
Dithmenos
Elyvilon
Fedhas
Gozag
Kikubaaqudgha
Makhleb
Nemelex Xobeh
Okawaru
Pakellas
Qazlal
Ru
Sif Muna
Trog
Vehumet
Xom
Yredelemnul
Zin
The Shining One

Annotations:
D:8 Gastronok
Lair:3 Snorg


Message History

Aiming: Flame Tongue
Press: ? - help, Shift-Dir - straight line, f/p - seven-headed hydra
Aim: a seven-headed hydra (almost dead)
The flame tongue hits the seven-headed hydra.
You kill the seven-headed hydra!
Vehumet accepts your kill.
Your battlesphere fires!
The barrage of energy hits Snorg.
Snorg is moderately wounded.
Your battlesphere expends the last of its energy and dissipates.
Snorg barely misses you. Snorg closely misses you. x2
Snorg rages.
Snorg bites you! Snorg claws you but does no damage. Snorg claws you!
* * * LOW HITPOINT WARNING * * *
Eat one of 6 chunks of flesh? (ye/n/q/i?)
Okay, then.
Read which item? (? for menu, Esc to quit)
As you read the scroll of teleportation, it crumbles to dust.
You feel strangely unstable. Snorg bites you!!
You die...

.................(...............
..............................?..
......#..##.##.......#.#.###.....
.......#######......####.# #....#
......## ###....†## #.##.....#
......P# +.......# ..#.#....+
>.....## .#......# ...?.....#
[......# ###..T..# ...##......
......## ##.##..@..# ## ##.....
.......###.###.....##
.......##.#........P###
............>...........
.........†..............
........................
........................
#P.....<................
##....#.P###.......## #l.


You could see Snorg (berserk).

Vanquished Creatures
  Erolcha (D:10)
  2 hydras
  Erica (D:10)
  2 hill giants (D:10)
  An orc knight (Bailey)
  A griffon (Lair:2)
  3 torpor snails (Lair:1)
  Joseph (D:7)
  7 spiny frogs
  4 komodo dragons
  A troll (D:10)
  4 blink frogs (Lair:1)
  9 yaks
  A human (D:8)
  A basilisk (Lair:1)
  A wyvern (D:9)
  2 hippogriffs
  Menkaure (D:5)
  6 water moccasins
  A black bear (D:7)
  5 orc warriors
  2 porcupines
  4 ice beasts
  3 sky beasts
  3 necrophages (D:10)
  5 ogres
  2 phantoms
  8 wolves
  2 centaurs
  5 crocodiles
  2 big kobolds
  15 giant frogs
  A wyvern skeleton (D:9)
  A water moccasin zombie (D:10)
  2 scorpions
  3 howler monkeys (D:7)
  2 wights (D:10)
  The ghost of kosy22 the Conjurer, a weakling DrCj (D:3)
  An electric eel (Lair:1)
  8 crimson imps
  A wasp zombie (D:10)
  2 giant frog zombies
  3 jellies
  A quasit (D:6)
  2 orc priests
  4 hounds
  3 giant frog skeletons
  Crazy Yiuf (D:2)
  2 iguanas
  10 orc wizards
  9 worker ants
  A killer bee zombie (D:3)
  10 sheep
  A hound zombie (D:9)
  4 hound skeletons
  A mummy (D:10)
  A worker ant zombie (D:8)
  Robin (D:4)
  9 gnolls
  12 adders
  20 river rats
  3 shadow imps
  An ooze (D:1)
  An adder zombie (D:7)
  An adder skeleton (D:6)
  A worm (D:2)
  4 dart slugs
  6 giant geckos
  32 orcs
  16 bats
  4 giant cockroaches
  24 goblins
  14 hobgoblins
  20 jackals
  26 kobolds
  3 quokkas
  6 ball pythons
  A giant gecko skeleton (D:9)
  11 giant newts
  3 goblin skeletons (D:4)
  2 goblin zombies (D:4)
  A hobgoblin zombie (D:4)
  A kobold skeleton (D:4)
  21 rats
  3 plants
428 creatures vanquished.

Vanquished Creatures (others)
  An adder (D:7)
  A fungus (D:8)
  3 plants (Lair:2)
5 creatures vanquished.

Grand Total: 433 creatures vanquished

Notes
Turn   | Place    | Note
--------------------------------------------------------------
     0 | D:1      | theElss the High Elf Conjurer began the quest for the Orb.
     0 | D:1      | Reached XP level 1. HP: 11/11 MP: 4/4
   475 | D:1      | Reached XP level 2. HP: 17/17 MP: 1/6
   525 | D:1      | Learned a level 2 spell: Searing Ray
   652 | D:1      | Reached skill level 5 in Conjurations
  1075 | D:2      | Reached XP level 3. HP: 21/21 MP: 0/8
  1495 | D:2      | Reached skill level 3 in Spellcasting
  2264 | D:3      | Noticed kosy22's ghost (weakling DrCj)
  2270 | D:3      | Reached XP level 4. HP: 27/27 MP: 7/9
  2308 | D:3      | Found a shattered altar of Ashenzari.
  2529 | D:3      | Learned a level 4 spell: Iskenderun's Mystic Blast
  2894 | D:4      | Found a stormy altar of Qazlal.
  2905 | D:4      | Found a shimmering altar of Xom.
  3070 | D:4      | Reached XP level 5. HP: 25/31 MP: 6/11
  3276 | D:4      | Reached skill level 4 in Spellcasting
  3570 | D:4      | Noticed Robin
  3575 | D:4      | Killed Robin
  3719 | D:4      | Reached XP level 6. HP: 35/36 MP: 8/14
  3909 | D:4      | Found a glowing golden altar of the Shining One.
  3915 | D:4      | Reached skill level 5 in Spellcasting
  4296 | D:5      | Entered Level 5 of the Dungeon
  4524 | D:5      | Reached XP level 7. HP: 41/41 MP: 10/16
  4647 | D:5      | Found a bloodstained altar of Trog.
  5018 | D:3      | Learned a level 5 spell: Iskenderun's Battlesphere
  5647 | D:3      | Reached skill level 6 in Spellcasting
  6365 | D:5      | Noticed Menkaure
  6377 | D:5      | Killed Menkaure
  6534 | D:5      | Reached skill level 7 in Spellcasting
  6788 | D:5      | Found a burning altar of Makhleb.
  6823 | D:5      | Reached XP level 8. HP: 46/46 MP: 8/19
  7026 | D:5      | Found a burning altar of Makhleb.
  7376 | D:2      | Noticed Crazy Yiuf
  7380 | D:2      | Killed Crazy Yiuf
  7480 | D:3      | Found a shattered altar of Ashenzari.
  7872 | D:3      | Killed kosy22's ghost
  8069 | D:6      | Found a glowing drain.
  8078 | Sewer    | Entered a sewer
  8830 | D:6      | Found an iron altar of Okawaru.
  9402 | D:7      | Found a staircase to the Ecumenical Temple.
  9412 | Temple   | Entered the Ecumenical Temple
  9463 | Temple   | Became a worshipper of Vehumet
  9531 | D:7      | Reached skill level 8 in Spellcasting
  9978 | D:7      | Noticed Joseph
 10165 | D:7      | Killed Joseph
 10165 | D:7      | Reached skill level 5 in Dodging
 10165 | D:7      | Reached skill level 9 in Spellcasting
 10165 | D:7      | Reached XP level 9. HP: 16/51 MP: 5/23
 10349 | D:7      | Reached skill level 10 in Conjurations
 10376 | D:7      | Reached * piety under Vehumet
 10376 | D:7      | Offered knowledge of Flame Tongue by Vehumet.
 10710 | D:7      | Found a bloodstained altar of Trog.
 10909 | D:7      | Learned a level 1 spell: Flame Tongue
 10967 | D:8      | Found a flagged portal.
 11022 | Bailey   | Entered a bailey
 11037 | Bailey   | Noticed an orc warlord
 11170 | Bailey   | Noticed an orc knight
 11182 | Bailey   | Killed an orc knight
 11182 | Bailey   | Reached skill level 10 in Spellcasting
 11182 | Bailey   | Reached skill level 1 in Fire Magic
 11278 | Bailey   | Offered knowledge of Shock by Vehumet.
 11333 | Bailey   | Reached ** piety under Vehumet
 11456 | Bailey   | Found a runed gate.
 11458 | Bailey   | Found a runed gate.
 11459 | Bailey   | Found a runed gate.
 12111 | D:8      | Offered knowledge of Conjure Flame by Vehumet.
 12154 | D:8      | Found a staircase to the Lair.
 12364 | D:8      | Reached *** piety under Vehumet
 12575 | D:8      | Reached XP level 10. HP: 56/56 MP: 21/25
 12682 | D:8      | Noticed Gastronok
 13116 | D:8      | Found an opulent altar of Gozag.
 13117 | D:8      | Found a sparkling altar of Nemelex Xobeh.
 13183 | D:8      | Offered knowledge of Ignite Poison by Vehumet.
 13902 | D:9      | Reached skill level 11 in Spellcasting
 14250 | D:9      | Reached **** piety under Vehumet
 14363 | D:9      | Offered knowledge of Olgreb's Toxic Radiance by Vehumet.
 14498 | D:9      | Found an opulent altar of Gozag.
 14830 | D:10     | Entered Level 10 of the Dungeon
 14978 | D:10     | Noticed a hill giant
 14983 | D:10     | Killed a hill giant
 15211 | D:10     | Noticed Erica
 15215 | D:10     | HP: 2/56 [Erica/wand of lightning (32)]
 15226 | D:10     | Killed Erica
 15242 | D:10     | Reached XP level 11. HP: 43/61 MP: 4/27
 15460 | D:10     | Reached skill level 12 in Spellcasting
 15868 | D:10     | Noticed a hill giant
 15875 | D:10     | Noticed Erolcha
 15880 | D:10     | Killed a hill giant
 15885 | D:10     | Killed Erolcha
 16007 | D:10     | Reached skill level 5 in Fire Magic
 16339 | D:10     | Reached ***** piety under Vehumet
 16386 | Lair:1   | Entered Level 1 of the Lair of Beasts
 16550 | Lair:1   | Offered knowledge of Bolt of Cold by Vehumet.
 17394 | Lair:1   | Found a snail-covered altar of Cheibriados.
 17483 | Lair:1   | Reached skill level 13 in Spellcasting
 17507 | Lair:1   | Noticed an eight-headed hydra
 17510 | Lair:1   | Killed an eight-headed hydra
 18246 | Lair:1   | Reached XP level 12. HP: 66/66 MP: 21/30
 18778 | Lair:2   | Learned a level 5 spell: Bolt of Magma
 18923 | Lair:2   | Reached skill level 14 in Spellcasting
 18979 | Lair:2   | Offered knowledge of Venom Bolt by Vehumet.
 19720 | Lair:3   | Noticed a seven-headed hydra
 19721 | Lair:3   | Noticed Snorg
 19742 | Lair:3   | Killed a seven-headed hydra
 19746 | Lair:3   | Mangled by Snorg

Skill      XL: |  1  2  3  4  5  6  7  8  9 10 11 12 |
---------------+-------------------------------------+-----
Conjurations   | 5 6 7 8 9 11 12 13 | 13.8
Spellcasting   | 3 4 5 7 9 10 11 13 14 | 14.3
Dodging        | 3 4 5 6 7 |  7.7
Fire Magic     | 2 4 6 |  6.8
Stealth        | |  2.1

Action                   |  1- 3 |  4- 6 |  7- 9 | 10-12 || total
-------------------------+-------+-------+-------+-------++-------
Melee: Mace              |     1 |     5 |    94 |     2 ||   102
       Glaive            |       |       |       |     8 ||     8
 Cast: Magic Dart        |    61 |    81 |   281 |   208 ||   631
       Searing Ray       |     3 |    16 |    21 |    15 ||    55
       Iskenderun's Myst |       |     1 |   101 |   113 ||   215
       Iskenderun's Batt |       |       |     1 |    69 ||    70
       Bolt of Magma     |       |       |       |     7 ||     7
       Flame Tongue      |       |       |       |     6 ||     6
  Use: Scroll            |       |       |     8 |     7 ||    15
       Potion            |       |       |       |     3 ||     3
  Eat: Chunk             |     4 |     6 |    35 |    30 ||    75
       Beef jerky        |       |       |       |     1 ||     1
Armor: Leather armour    |       |    14 |    46 |    37 ||    97
       Robe              |       |       |     9 |       ||     9
Dodge: Dodged            |     4 |    15 |   110 |   102 ||   231
